Unix NetHack Version 5.0.0-0 post-release - last build May 10 2026 23:12:36 (d1fa5d53e341ca933230fdaa984d921c805b60aa,branch:main).

Game began 2026-05-17 00:18:02, ended 2026-05-17 01:21:24.

Brudee, lawful female human Monk

                                    ..
                     ----------------#------------------
       --    ----   .|............................*....|
       |.--  |..|   .|.-------------......------------ |
      --..----.. ---.|.|   |0..|.(.|......|......|...|
      |........---...#.    |...|...|..)..)...|...|./.| |
       -.......--....|.    |..*|...|......|..|...|... .#
        -...........0|.    |...|-|--......-----+---.--.|
       --............|.-- ---.--....[.................0|
      --.....).......|.............*{.*......{.........|
      |.......--.......-.|..-|--..[.[--.))--..0........|
      |...-----|-..........|...|----.|.....|.------.--.| --
   -- |-..|    |.....|.|...|...|...|.|.....|0|..| .[*|.| .--
  --.--...|    |.....| |.. |..(|.....|../.)|.-.(.)...|.|...|
  |.......--   |.....| |.0 |.......|.|..).)|.|..|...0|.....|
  |........-----.....| ---------[---.--.----.---------*| ---
  -.....<.*..........|.......................@...O.....#.
 |...........||..---.-----------#----.-------#----------.
 -------.--.------ |.....................................
       ------      ---------------------  ---------
Brudee the Initiate             St:25 Dx:12 Co:14 In:13 Wi:12 Ch:10  Lawful S:7526
Dlvl:7  $:0  HP:0(57) Pw:38(38) AC:4  Xp:8/1789 T:4410  Hungry  

Latest messages:
 You see here a crossbow bolt.
 You see here 9 rocks.
 With great effort you move the boulder.
 You hear some noises in the distance.
 You see here an orcish chain mail.
 You see here 17 rocks.
 You see here an orcish chain mail.
 You see here 9 rocks.
 The ogre zaps a tin wand!
 The wand misses you.
 The ogre zaps a tin wand!
 The wand hits you!
 You see here 9 rocks.
 What do you want to use or apply? [knqrJKV or ?*] q
 You now wield an uncursed pick-axe.
 You are beginning to feel hungry.
 In what direction do you want to dig? [hyulnb>] l
 You start digging.
 You hit the rock with all your might.
 You make an opening in the wall.
 You start digging.
 You hit the rock with all your might.
 You stop digging.
 The ogre hurls a cloudy potion!
 The cloudy potion misses the ogre.
 The vial crashes on your head and breaks into shards.
 The cloudy potion evaporates.
 Something seems to be holding you.
 You can move again.
 You see here 9 rocks.
 The ogre zaps a wand of striking!
 The wand misses you.
 The wand hits Shaggy!
 The ogre zaps a wand of striking!
 The wand misses you.
 The wand hits Shaggy!
 The ogre zaps a wand of striking!
 The wand hits you!
 The wand hits Shaggy!
 You swap places with Shaggy.
 The ogre zaps a wand of striking!
 The wand misses Shaggy.
 The wand hits you!
 The ogre zaps a wand of striking!
 The wand hits Shaggy!
 Shaggy is killed!
 The wand hits you!
 You die...
 Do you want your possessions identified? [ynq] (y) y
 Do you want to see your attributes? [ynq] (y) q

Inventory:
 Weapons  (')')
  M - a cursed -2 silver dagger (at the ready)
  N - the rustproof +2 Ogresmasher
  A - the +3 Orcrist
 Armor    ('[')
  x - a blessed +1 orcish helm (being worn)
  L - an uncursed +0 pair of gauntlets of power (being worn)
  a - an uncursed +2 pair of leather gloves
  G - a blessed +1 pair of low boots
  b - an uncursed +1 robe (being worn)
 Comestibles  ('%')
  g - 6 uncursed apples
  f - an uncursed food ration
  h - 6 uncursed oranges
  X - 3 uncursed tripe rations
 Scrolls  ('?')
  S - an uncursed scroll of blank paper
  U - 2 uncursed scrolls of confuse monster
  u - an uncursed scroll of destroy armor
  z - a blessed scroll of enchant armor
  c - an uncursed scroll of fire
  Y - an uncursed scroll of gold detection
 Potions  ('!')
  m - 2 uncursed potions of confusion
  F - an uncursed potion of extra healing
  H - an uncursed potion of fruit juice
  O - a cursed potion of fruit juice
  I - an uncursed potion of gain energy
  i - an uncursed potion of gain level
  w - a blessed potion of hallucination
  Q - an uncursed potion of levitation
  Z - a cursed potion of monster detection
  o - an uncursed potion of polymorph
  e - an uncursed potion of see invisible
  l - a blessed potion of sleeping
  t - an uncursed potion of speed
  v - 4 potions of holy water
 Rings    ('=')
  D - a cursed ring of cold resistance
  j - an uncursed +2 ring of gain constitution
  p - an uncursed ring of levitation
  T - a cursed ring of polymorph
 Wands    ('/')
  J - a wand of speed monster (0:6)
 Tools    ('(')
  r - an expensive camera (0:35)
  k - a magic marker (0:22)
  n - a cursed magic whistle
  K - a blessed oil lamp
  q - a +0 pick-axe (weapon in right hand)
 Gems/Stones  ('*')
  V - an uncursed touchstone

Brudee the Monk's attributes:

Background:
 You were an Initiate, a level 8 female human Monk.
 You were lawful, on a mission for Shan Lai Ching
 who was opposed by Chih Sung-tzu (neutral) and Huan Ti (chaotic).
 You were right-handed.
 You were in the Gnomish Mines, on level 7.
 You entered the dungeon 4410 turns ago.
 It was nighttime.
 There was a new moon in effect when your adventure ended.
 You had 1789 experience points, 771 more were needed to attain level 9.
 Your score was 7526 before end-of-game adjustments.

Basics:
 You had 0 out of 57 hit points.
 You had all 38 energy points (spell power).
 Your armor class was 4.
 Your wallet was empty.
 Autopickup was off.

Final Characteristics:
 Your strength was 25 (base:16, innate limit:18/100).
 Your dexterity was 12 (limit:18).
 Your constitution was 14 (limit:18).
 Your intelligence was 13 (limit:18).
 Your wisdom was 12 (limit:18).
 Your charisma was 10 (limit:18).

Final Status:
 You were hungry.
 You were unencumbered.
 You were wielding a pick-axe.
 You had no skill with pick-axe.

Final Attributes:
 You were piously aligned.
 You were sleep resistant.
 You were poison resistant.
 You saw invisible.
 You were warned.
 You were stealthy.
 You were guarded.
 Your spell casting was enhanced by wearing a robe.
 You were fast.
 You were lucky.
 You are dead.

Miscellaneous:
 You didn't encounter any bones levels.
 Total elapsed playing time was 1 hour, 3 minutes and 21 seconds.

Major events:
 Turn
    1: Brudee the lawful female human Monk entered the dungeon
  496: found Orcrist in a shop
  769: attained the rank of Novice (level 3)
  913: stole 5391 zorkmids worth of merchandise from Abitibi's general store
 1420: attained the rank of Initiate (level 6)
 2107: entered the Gnomish Mines
 2373: reached Mine Town
 2780: was bestowed with Ogresmasher by Shan Lai Ching
 4331: performed her first genocide (class L)
 4331: genocided class c
 4410: killed by a wand

Spells:
 Name                 Level Category     Fail Retention
 protection             1   clerical       0%  76%-100%

Skills:
 Fighting Skills
   martial arts       [Skilled]
 Weapon Skills
   hammer             [Unskilled]
   quarterstaff       [Unskilled]
   spear              [Unskilled]
   crossbow           [Unskilled]
   shuriken           [Unskilled]
 Spellcasting Skills
   attack spells      [Unskilled]
   healing spells     [Basic]
   divination spells  [Unskilled]
   enchantment spells [Unskilled]
   clerical spells    [Unskilled]
   escape spells      [Unskilled]
   matter spells      [Unskilled]

Voluntary challenges:
 Character rerolling was not enabled.
 You were vegetarian.
 You genocided 7 types of monsters.
 You never polymorphed an object.
 You never changed form.
 You used no wishes.
Achievements:
 You entered a shop.
 You attained the rank of Novice.
 You attained the rank of Initiate.
 You entered the Gnomish Mines.
 You entered Minetown.

 The Dungeons of Doom: levels 1 to 7
    Level 1:
       A fountain.
    Level 2:
       A weapon shop, a fountain.
    Level 3:
       A general store, some fountains, a grave.
    Level 4:
       A fountain.
       Stairs down to The Gnomish Mines.
    Level 5:
       A food shop, some fountains, a sink.
    Level 6:
       A throne.
    Level 7:
       Many fountains.
 The Gnomish Mines: levels 5 to 7
    Level 5:
    Level 6:
    Level 7: <- You were here.
       An altar to Shan Lai Ching, some fountains.
       Final resting place for
          you, killed by a wand.


Vanquished creatures:
  a water demon
  2 small mimics
  a large dog
  a dwarf ruler
  a chameleon
  a crocodile
  a giant beetle
  a quivering blob
  4 winter wolf cubs
  3 orc-captains
  a vampire bat
  a lizard
  a dwarf leader
  5 bugbears
  a quasit
  a mountain nymph
  a Mordor orc
  3 Uruk-hai
  4 orc shamans
  a fog cloud
  a yellow light
  4 gnome leaders
  a Kop Lieutenant
  3 giant ants
  a floating eye
  3 dwarves
  3 kobold leaders
 16 hill orcs
  a rothe
  a giant bat
  4 Kop Sergeants
  a monkey
  4 orc zombies
  a dwarf zombie
  3 werejackals
  4 acid blobs
  a coyote
  5 hobgoblins
  5 giant rats
  4 yellow molds
 20 gnomes
 14 Keystone Kops
  2 gnome zombies
  6 geckos
  6 jackals
  3 foxes
  a kobold
  7 goblins
  5 grid bugs
  2 bats
  8 lichens
  a kobold zombie
  4 newts
180 creatures vanquished.

Genocided species:
 arch-liches
 master liches
 demiliches
 liches
 pyrolisks
 cockatrices
 chickatrices
7 species genocided.

Game over:
                       ----------
                      /          \
                     /    REST    \
                    /      IN      \
                   /     PEACE      \
                  /                  \
                  |      Brudee      |
                  |       0 Au       |
                  | killed by a wand |
                  |                  |
                  |                  |
                  |                  |
                  |       2026       |
                 *|     *  *  *      | *
        _________)/\\_//(\/(/\)/\//\/|_)_______

Goodbye Brudee the Monk...

You died in The Gnomish Mines on dungeon level 7 with 7526 points,
and 0 pieces of gold, after 4410 moves.
You were level 8 with a maximum of 57 hit points when you died.

